 Dungeon Crawl Stone Soup version 0.28.0-43-g3370ac3207 (webtiles) character file.

Game seed: 1210242270731761572

1689 DrunkBamboolord the Zephyrmancer (level 9, -6/45 HPs)
             Began as a Tengu Air Elementalist on Mar 6, 2022.
             Was an Initiate of Vehumet.
             Shot with an arrow by a centaur (9 damage)
             ... on level 5 of the Dungeon.
             The game lasted 00:15:17 (7065 turns).

DrunkBamboolord the Zephyrmancer (TeAE)             Turns: 7065, Time: 00:15:17

Health: -6/45      AC:  6    Str: 16    XL:     9   Next: 2%
Magic:  12/19      EV: 16    Int: 19    God:    Vehumet [......]
Gold:   283        SH:  0    Dex: 14    Spells: 10/20 levels left

rFire   . . .      SeeInvis .   (no weapon)
rCold   . . .      Faith    .   (no shield)
rNeg    . . .      Spirit   .   a - +2 robe
rPois   +          Reflect  .   (helmet restricted)
rElec   .          Harm     .   (no cloak)
rCorr   .          Rampage  .   r - +1 pair of gloves {Stlth+}
Will    .....                   (boots unavailable)
Stlth   +++.......              (no amulet)
HPRegen 0.15/turn               m - +6 ring of strength
MPRegen 0.16/turn               n - ring of poison resistance

@: flying quickly and evasively, quick
A: beak, talons 3, nimble flight
a: Renounce Religion


You were on level 5 of the Dungeon.
You worshipped Vehumet.
Vehumet was noncommittal.
You visited 2 branches of the dungeon, and saw 6 of its levels.
You also visited: Sewer.

You collected 283 gold pieces.

Inventory:

Missiles
 c - 3 throwing nets
Armour
 a - a +2 robe (worn)
 r - a +1 pair of gloves of stealth (worn)
Jewellery
 m - a +6 ring of strength (left hand)
 n - a ring of poison resistance (right hand)
Wands
 d - a wand of flame (26)
Scrolls
 e - 2 scrolls of enchant armour
 g - 3 scrolls of fog
 h - a scroll of fear
 l - a scroll of enchant weapon
 q - a scroll of magic mapping {unknown}
Potions
 b - 2 potions of degeneration {unknown}
 f - a potion of curing
 i - a potion of invisibility {unknown}
 j - a potion of mutation {unknown}
 k - a potion of lignification {unknown}
 p - a potion of haste {unknown}


   Skills:
 * Level 4.2 Dodging
 + Level 2.7 Stealth
 * Level 6.1 Spellcasting
 * Level 7.5 Conjurations
 * Level 8.9 Air Magic


You had 10 spell levels left.
You knew the following spells:

 Your Spells              Type           Power      Damage    Failure   Level
a - Shock                 Conj/Air       100%       1d9       1%          1
b - Static Discharge      Conj/Air       37%        N/A       1%          2
c - Swiftness             Air            39%        N/A       1%          3
d - Airstrike             Air            19%        N/A       2%          4

Your spell library contained the following spells:

 Spells                   Type           Power      Damage    Failure   Level
 Animate Skeleton         Necr           10%        N/A       11%         1
 Pain                     Necr           20%        1d5       11%         1
 Vampiric Draining        Necr           5%         2d6       32%         3


Dungeon Overview and Level Annotations

Branches:
Dungeon (5/15)             Temple (1/1) D:5           Sewer (visited)

Altars:
Ashenzari
Cheibriados
Elyvilon
Gozag
Makhleb
Nemelex Xobeh
Okawaru
Qazlal
Ru
Trog
Vehumet
Yredelemnul
Zin


Innate Abilities, Weirdness & Mutations

You have a beak for a mouth.
You have claws for feet.
Your magical nature lets you fly swiftly and evasively.


Message History

The centaur shoots an arrow.
The arrow barely misses you.
The centaur shoots an arrow.
The arrow hits you.
Aiming: Shock (safe; 1% risk of failure)
Press: ? - help, Q - select action, (/) - cycle Shift-Dir - straight line The zap hits the centaur.
You kill the centaur!
Vehumet accepts your kill.
The centaur shoots an arrow.
The arrow barely misses you.
You hear a shout!
You have reached level 9!
Your experience leads to an increase in your attributes!
Your base attributes are Str 10, Int 17, Dex 14.
Increase (S)trength, (I)ntelligence, or (D)exterity?
You feel clever. x2
You start resting.
The hound bites you.
Casting: Shock (safe; 1% risk of failure)
Confirm with . or Enter, or press ? or * to list all spells.
The hound is struck by an arc of lightning!
The hound is severely wounded.
You are struck by an arc of lightning.
The hound is struck by an arc of lightning.
The hound is almost dead.
The lightning grounds out.
The hound barely misses you.
A bullfrog zombie comes into view.
Casting: Static Discharge (safe; 1% risk of failure)
Confirm with . or Enter, or press ? or * to list all spells.
The hound is struck by an arc of lightning!
You kill the hound!
Vehumet accepts your kill.
You are struck by an arc of lightning.
The centaur shoots an arrow.
The arrow barely misses you.
The centaur shoots an arrow.
The arrow closely misses you.
The centaur shoots an arrow.
The arrow hits you!
The centaur shoots an arrow.
The arrow hits you!
* * * LOW HITPOINT WARNING * * *
A centaur and an iguana come into view.
The centaur shouts!
The centaur wields a +0 shortbow.
The centaur shoots an arrow.
The arrow hits you!
You die...

##'####
#.#########
......#
#......#
......#
######.#
......# #.#
......# #.#
##.#### #.####
...#
##########....#
##.#
.....Z....###.#
### ...######@#
# ####.#(.
........c...#
.[......
#l##...>#####
####...#
#)#.#># # . c?
#...# # ##
.#..# ## #.. ##
#.. .# #.# .#.
.# #.#


You could see 2 centaurs, an iguana and a bullfrog zombie.

Vanquished Creatures
  Pikel (D:4)
  Grinder (D:4)
  A black bear (D:5)
  Pargi (Sewer)
  2 necrophages
  A centaur (D:5)
  4 lemures (D:4)
  2 scorpions (D:4)
  A water moccasin zombie (D:5)
  A bullfrog zombie (D:5)
  A centaur skeleton (D:5)
  2 hounds (D:5)
  An iguana (D:5)
  2 orc wizards
  Terence (D:2)
  A hound zombie (D:5)
  3 gnolls (D:2)
  9 adders
  2 worms (D:3)
  A dart slug (D:3)
  8 orcs
  10 ball pythons
  11 endoplasms
  7 giant cockroaches
  7 goblins
  7 hobgoblins
  6 jackals (D:1)
  4 kobolds
  5 quokkas
  2 bats
  8 frilled lizards
  6 rats
  A butterfly (D:5)
120 creatures vanquished.

Notes
Turn   | Place    | Note
-------+----------+-------------------------------------------
     0 | D:1      | DrunkBamboolord the Tengu Air Elementalist began the quest
                  | for the Orb.
     0 | D:1      | Reached XP level 1. HP: 10/10 MP: 4/4
   251 | D:1      | Found a faded altar of an unknown god.
   311 | D:1      | Reached XP level 2. HP: 15/15 MP: 1/6
   705 | D:1      | Reached XP level 3. HP: 19/19 MP: 4/7
  1098 | D:2      | Reached skill level 5 in Air Magic
  1167 | D:2      | Reached XP level 4. HP: 20/24 MP: 2/8
  1170 | D:2      | Learned a level 2 spell: Static Discharge
  1174 | D:2      | Learned a level 3 spell: Swiftness
  1219 | D:2      | Found a basalt altar of Yredelemnul.
  2211 | D:2      | Noticed Terence
  2218 | D:2      | Killed Terence
  2219 | D:2      | Gained mutation: Your magical nature lets you fly swiftly
                  | and evasively. [Tengu growth]
  2219 | D:2      | Reached XP level 5. HP: 13/28 MP: 5/10
  2838 | D:3      | Reached skill level 6 in Air Magic
  3766 | D:3      | Learned a level 4 spell: Airstrike
  3920 | D:4      | Found a glowing drain.
  3928 | D:4      | Reached XP level 6. HP: 27/32 MP: 7/12
  4057 | Sewer    | Entered a sewer
  4084 | Sewer    | Noticed Pargi
  4264 | Sewer    | Killed Pargi
  4619 | D:4      | Noticed a necrophage
  4631 | D:4      | Killed a necrophage
  4632 | D:4      | Reached skill level 7 in Air Magic
  4632 | D:4      | Reached XP level 7. HP: 26/36 MP: 5/14
  4922 | D:4      | Noticed Pikel
  4957 | D:4      | Killed Pikel
  4958 | D:4      | Reached skill level 5 in Conjurations
  4958 | D:4      | Reached XP level 8. HP: 36/41 MP: 7/16
  5166 | D:4      | Noticed Grinder
  5291 | D:4      | Paralysed by Grinder for 6 turns
  5307 | D:4      | Killed Grinder
  5308 | D:4      | Reached skill level 5 in Spellcasting
  5308 | D:4      | Reached skill level 8 in Air Magic
  6142 | D:5      | Entered Level 5 of the Dungeon
  6205 | D:5      | Found a staircase to the Ecumenical Temple.
  6215 | Temple   | Entered the Ecumenical Temple
  6260 | Temple   | Became a worshipper of Vehumet
  7057 | D:5      | Reached XP level 9. HP: 36/45 MP: 15/19
  7065 | D:5      | Shot with an arrow by a centaur

Illustrated notes

Levels and vault maps discovered:
D:1:      saegor_arrival_simple_b, layout_basic,
          ebering_ecumenical_altar_sacrificial
D:2:      minmay_razor_zed, layout_loops_ring, basic_altar, uniq_terence
D:3:      minmay_skewed_foursquare, layout_basic
D:4:      layout_basic, gup_sewer_entry_glass, uniq_grinder, uniq_pikel
D:5:      layout_basic, minmay_temple_entry_butterflies, minmay_manual_mess
Temple:   cyrus_circular_temple

Skill      XL: |  1  2  3  4  5  6  7  8 |
---------------+-------------------------+-----
Conjurations   | 2 3 4 5 7 |  7.5
Air Magic      | 5 6 7 8 |  8.9
Spellcasting   | 3 4 6 |  6.1
Dodging        | 3 4 |  4.2
Stealth        | |  2.7

Action                   |  1- 3 |  4- 6 |  7- 9 || total
-------------------------+-------+-------+-------++-------
Melee: Unarmed           |     5 |     2 |       ||     7
       Kick              |     3 |       |       ||     3
       Peck              |       |     1 |       ||     1
 Cast: Shock             |    45 |   166 |    88 ||   299
       Static Discharge  |       |    17 |    23 ||    40
  Use: Scroll            |       |     7 |     2 ||     9
       Potion            |       |       |     1 ||     1
Armor: Robe              |       |     7 |     2 ||     9
Dodge: Dodged            |     8 |    25 |    32 ||    65
